AoeStats
← 海霸天

Arena

510044112Analyzed
4v4 RM · 4d ago on Sep 29, 2026· 58m 18s· 8 players
Game mode
Random Map
Map size
Large (8 player)
Population
200
Speed
Normal
Resources
Standard
Victory
Conquest
Starting age
Dark Age
Ending age
Imperial Age
RankedLock teamsTeams togetherTeam positionsShared explorationLock speedFull tech treeHidden civsTurbo modeCheats
Victory
Defeat
🇨🇳 Japanese · China
889
+8
🇮🇳 Tatars · India
782
+12
🇸🇬 Huns · Singapore
767
+12
🇹🇼 Burgundians · Taiwan
685
+17
🇹🇼 Franks · Taiwan
894
-19
🇪🇸 Shu · Spain
750
-18
🇲🇽 Tatars · Mexico
672
-11
🇺🇸 Maya · United States
443
-5
Soldaris
2:12 Loom
9:34 Feudal Age
10:10 Double-Bit Axe
11:28 Wheelbarrow
12:38 Horse Collar
15:44 Gold Mining
16:50 Stone Mining
20:46 Castle Age
20:43 Fletching
21:39 Bow Saw
21:32 Heavy Plow
21:49 Hand Cart
22:12 Gold Shaft Mining
32:44 Imperial Age
30:00 Town Watch
34:34 Two-Man Saw
33:56 Conscription
34:41 Bodkin Arrow
34:56 Forging
34:52 Scale Barding Armor
34:45 Murder Holes
35:11 Ballistics
35:52 Chemistry
35:30 Bloodlines
35:21 Husbandry
35:31 Marauders
35:26 Elite Tarkan
36:36 Caravan
37:41 Iron Casting
37:27 Chain Barding Armor
37:42 Bracer
39:23 Blast Furnace
44:42 Plate Barding Armor
44:07 Scale Mail Armor
44:20 Masonry
44:13 Padded Archer Armor
顺手牵羊
5:38 Loom
11:06 Feudal Age
11:42 Double-Bit Axe
11:40 Horse Collar
14:47 Stone Mining
21:39 Castle Age
22:54 Bow Saw
22:47 Heavy Plow
28:17 Gold Mining
33:20 Imperial Age
31:35 Forging
31:26 Scale Mail Armor
33:16 Elite Skirmisher
34:24 Conscription
35:12 Two-Man Saw
37:00 Iron Casting
36:40 Chain Mail Armor
36:30 Yasama
36:51 Kataparuto
36:01 Pikeman
36:53 Halberdier
37:33 Squires
37:19 Arson
41:26 Blast Furnace
40:56 Plate Mail Armor
41:55 Gold Shaft Mining
43:56 Gambesons
52:53 Wheelbarrow
54:22 Treadmill Crane
55:43 Chemistry
54:39 Murder Holes
55:05 Ballistics
海霸天
11:17 Feudal Age
9:33 Loom
11:48 Double-Bit Axe
11:58 Horse Collar
16:14 Heavy Plow
19:00 Castle Age
17:35 Wheelbarrow
17:15 Gold Mining
19:13 Wheelbarrow
18:52 Bow Saw
19:25 Gold Shaft Mining
20:54 Two-Man Saw
22:55 Crop Rotation
24:18 Hand Cart
25:27 Forging
25:23 Scale Barding Armor
27:07 Iron Casting
29:08 Burgundian Vineyards
31:56 Man-at-Arms
34:50 Scale Mail Armor
37:26 Squires
36:47 Pikeman
37:12 Arson
37:31 Squires
36:53 Pikeman
37:34 Squires
38:08 Murder Holes
38:27 Masonry
42:13 Imperial Age
40:48 Chain Mail Armor
40:54 Chain Barding Armor
41:10 Squires
40:30 Pikeman
42:06 Ballistics
42:19 Halberdier
44:11 Blast Furnace
43:42 Plate Mail Armor
44:04 Plate Mail Armor
47:28 Chemistry
56:14 Long Swordsman
56:40 Arson
57:55 Two-Handed Swordsman
vigneshbestar
11:20 Feudal Age
11:57 Loom
12:26 Double-Bit Axe
13:04 Gold Mining
19:32 Castle Age
17:59 Bloodlines
19:44 Scale Barding Armor
19:41 Scale Mail Armor
19:51 Forging
20:44 Husbandry
31:10 Wheelbarrow
33:36 Imperial Age
31:11 Pikeman
31:52 Squires
32:43 Padded Archer Armor
32:34 Fletching
32:53 Fletching
33:15 Squires
33:01 Arson
34:58 Hand Cart
35:13 Timurid Siegecraft
37:04 Bow Saw
36:39 Elite Keshik
37:21 Silk Armor
38:43 Stone Mining
39:40 Halberdier
42:10 Chain Barding Armor
42:07 Leather Archer Armor
44:39 Atonement
45:51 Conscription
45:28 Town Watch
46:51 Town Patrol
47:57 Ring Archer Armor
47:23 Bodkin Arrow
48:04 Iron Casting
48:05 Plate Barding Armor
49:21 Ballistics
50:05 Chemistry
54:27 Heavy Camel Rider
✪KillerMx✪
9:46 Feudal Age
12:19 Wheelbarrow
12:29 Double-Bit Axe
16:18 Horse Collar
20:19 Castle Age
23:08 Bow Saw
26:11 Heavy Plow
30:52 Scale Barding Armor
30:53 Gold Mining
30:55 Stone Mining
32:52 Hand Cart
37:56 Imperial Age
36:24 Chain Barding Armor
36:15 Forging
36:06 Scale Mail Armor
36:49 Bloodlines
36:41 Husbandry
39:18 Iron Casting
39:19 Plate Barding Armor
39:34 Crop Rotation
39:18 Arson
39:33 Squires
38:54 Pikeman
39:40 Squires
41:11 Blast Furnace
40:17 Elite Steppe Lancer
41:25 Light Cavalry
42:03 Halberdier
42:23 Hussar
45:11 Fortified Wall
47:37 Capped Ram
salama20
0:51 Loom
12:34 Feudal Age
13:26 Double-Bit Axe
15:08 Arson
17:32 Horse Collar
18:38 Scale Mail Armor
18:49 Forging
26:38 Castle Age
26:43 Eagle Warrior
27:26 Squires
28:33 Bow Saw
29:15 Wheelbarrow
29:16 Elite Skirmisher
31:18 Chain Mail Armor
33:10 Hand Cart
32:55 Gold Mining
33:21 Heavy Plow
35:54 Thumb Ring
40:13 Treadmill Crane
41:12 Iron Casting
@_@
12:16 Feudal Age
16:03 Castle Age
13:53 Double-Bit Axe
15:35 Wheelbarrow
20:08 Bow Saw
20:40 Hand Cart
20:47 Loom
24:10 Town Watch
24:23 Gold Mining
24:24 Stone Mining
24:56 Stone Mining
27:09 Gold Shaft Mining
30:45 Imperial Age
30:35 Husbandry
30:55 Scale Barding Armor
31:01 Forging
31:06 Fortified Wall
30:51 Cavalier
31:57 Chain Barding Armor
33:02 Iron Casting
32:27 Paladin
34:05 Conscription
33:46 Chivalry
37:36 Chemistry
36:56 Ballistics
38:28 Blast Furnace
38:03 Plate Barding Armor
38:09 Light Cavalry
39:30 Murder Holes
39:28 Fletching
WAR_LORD
10:39 Feudal Age
11:08 Double-Bit Axe
11:08 Horse Collar
17:56 Wheelbarrow
20:12 Castle Age
19:26 Padded Archer Armor
19:17 Fletching
19:42 Forging
19:33 Scale Mail Armor
21:47 Gold Mining
21:48 Stone Mining
22:06 Heavy Plow
22:22 Bow Saw
28:11 Gold Shaft Mining
28:09 Squires
27:55 Gambesons
27:31 Pikeman
28:37 Thumb Ring
27:53 Crossbowman
30:55 Bodkin Arrow
39:42 Hand Cart
46:59 Elite Skirmisher
56:09 Imperial Age
55:21 Ballistics
Connection lost

Rejoining the realm…

Still unreachable

The connection could not be restored.

Session expired

The server has moved on; the page needs a fresh start.